 Dungeon Crawl Stone Soup version 0.28.0 (webtiles) character file.

Game seed: 4497938974138760936

142496 browni3141 the Brawler (level 17, -3/146 HPs)
             Began as a Ghoul Delver on Feb 7, 2022.
             Was an Initiate of Gozag.
             Shot with a bolt by Vashnia (31 damage)
             ... on level 2 of the Snake Pit.
             The game lasted 02:37:29 (55235 turns).

browni3141 the Brawler (Ghoul Delver)              Turns: 55235, Time: 02:37:30

Health: -3/146     AC: 35    Str: 30    XL:     17   Next: 35%
Magic:  16/16      EV:  7    Int:  5    God:    Gozag
Gold:   5272       SH:  0    Dex: 13    Spells: 16/16 levels left

rFire   + . .      SeeInvis +     - Unarmed
rCold   + + +      Faith    .   (no shield)
rNeg    + + +      Spirit   .   d - +3 crystal plate armour of Wariness {rPois}
rPois   ∞          Reflect  .   x - +2 helmet {SInv}
rElec   +          Harm     .   C - +0 cloak
rCorr   +          Rampage  +   (no gloves)
Will    +....                   g - +2 pair of boots {rampage}
Stlth   ..........              u - amulet "Sablol" {rElec Regen+ Dex+3}
HPRegen 0.00/turn               o - +6 ring of strength
MPRegen 0.15/turn               p - ring of protection from cold

@: mighty, resistant, gold aura, inhibited regen
A: claws 1, cold resistance 1, negative energy resistance 3, inhibited
regeneration, torment resistance 2
a: Renounce Religion, Potion Petition, Call Merchant, Bribe Branch


You were on level 2 of the Snake Pit.
You worshipped Gozag.
Gozag was greatly pleased with you.
You visited 5 branches of the dungeon, and saw 26 of its levels.
You also visited: Ice Cave.

You collected 12097 gold pieces.
You spent 1955 gold pieces at shops.
You paid 4870 gold pieces to Gozag.

Inventory:

Hand Weapons
 b - a +4 arbalest of flaming
 t - the +8 great mace of Abuse {pain, Will++}
   (You found it on level 1 of the Lair of Beasts)

   In the hands of one skilled in necromantic magic, it inflicts extra damage on
   living creatures.
   Will:      It greatly increases your willpower.
Missiles
 m - 2 curare-tipped darts (quivered)
 J - 210 bolts
Armour
 d - the +3 crystal plate armour of Wariness (worn) {rPois}
   (You acquired it on level 2 of the Lair of Beasts)

   rPois:     It protects you from poison.
 g - a +2 pair of boots of rampaging (worn)
 x - a +2 helmet of see invisible (worn)
 C - a +0 cloak (worn)
Jewellery
 k - a ring of protection from cold
 o - a +6 ring of strength (left claw)
 p - a ring of protection from cold (right claw)
 s - a ring of willpower
 u - the amulet "Sablol" (around neck) {rElec Regen+ Dex+3}
   (You found it in an ice cave)

   [amulet of regeneration]

   Dex:       It affects your dexterity (+3).
   rElec:     It insulates you from electricity.
   Regen:     It increases your rate of health regeneration.
 I - a ring of flight
 O - a ring of wizardry
 W - a ring of see invisible
Wands
 f - a wand of digging (22)
 n - a wand of paralysis (14)
 L - a wand of charming (5)
 Q - a wand of polymorph (15)
 U - a wand of flame (27)
 Y - a wand of mindburst (7)
Scrolls
 c - 11 scrolls of teleportation
 h - 5 scrolls of vulnerability
 i - 5 scrolls of magic mapping
 j - 2 scrolls of enchant armour
 r - 2 scrolls of fog
 v - 5 scrolls of noise
 w - 10 scrolls of identify
 y - 3 scrolls of immolation
 B - 3 scrolls of holy word
 E - a scroll of brand weapon
 M - 3 scrolls of fear
 R - 4 scrolls of amnesia
 T - 2 scrolls of blinking
 X - a scroll of torment
Potions
 e - 3 potions of haste
 l - 3 potions of flight
 q - 2 potions of might
 z - 6 potions of attraction
 A - a potion of resistance
 D - 13 potions of curing
 G - 2 potions of cancellation
 H - 3 potions of brilliance
 K - 2 potions of mutation
 N - 6 potions of heal wounds {unknown}
 P - 3 potions of invisibility {unknown}
 V - a potion of ambrosia {unknown}
Miscellaneous
 a - a phantom mirror
 S - a piece from Xom's chessboard (15/15)
 Z - a condenser vane


   Skills:
 - Level 12.0 Fighting
 - Level 15.0 Crossbows
 * Level 14.8 Armour
 - Level 1.7 Dodging
 - Level 8.0 Stealth
 - Level 5.0 Shields
 * Level 18.0 Unarmed Combat
 - Level 4.0 Evocations


You had 16 spell levels left.
You didn't know any spells.
Your spell library contained the following spells:

 Spells                   Type           Power      Damage    Failure   Level
 Animate Skeleton         Necr           0%         N/A       100%        1
 Apportation              Tloc           0%         N/A       100%        1
 Freeze                   Ice            0%         1d3       100%        1
 Magic Dart               Conj           0%         1d3       100%        1
 Sandblast                Erth           0%         2d4       100%        1
 Summon Small Mammal      Summ           0%         N/A       100%        1
 Passwall                 Tmut/Erth      0%         N/A       100%        2
 Searing Ray              Conj           0%         2d4       100%        2
 Call Canine Familiar     Summ           0%         N/A       100%        3
 Frozen Ramparts          Ice            0%         1d2       100%        3
 Gell's Gravitas          Tloc           0%         N/A       100%        3
 Ozocubu's Armour         Ice            0%         N/A       100%        3
 Stone Arrow              Conj/Erth      0%         3d7       100%        3
 Summon Guardian Golem    Hex/Summ       0%         N/A       100%        3
 Teleport Other           Tloc           0%         N/A       100%        3
 Airstrike                Air            0%         N/A       100%        4
 Animate Armour           Summ/Erth      0%         N/A       100%        4
 Cause Fear               Hex            0%         N/A       100%        4
 Fulminant Prism          Conj/Hex       0%         3d6       100%        4
 Hailstorm                Conj/Ice       0%         3d3       100%        4
 Summon Lightning Spire   Summ/Air       0%         N/A       100%        4
 Borgnjor's Vile Clutch   Necr/Erth      0%         N/A       100%        5
 Freezing Cloud           Conj/Ice/Air   0%         6-21      100%        5
 Lightning Bolt           Conj/Air       0%         1d11      100%        5
 Metabolic Englaciation   Hex/Ice        0%         N/A       100%        5
 Dispersal                Tloc           0%         N/A       100%        6
 Simulacrum               Ice/Necr       0%         N/A       100%        6
 Disjunction              Tloc           0%         N/A       100%        8
 Lehudib's Crystal Spear  Conj/Erth      0%         10d2      100%        8
 Dragon's Call            Summ           0%         N/A       100%        9
 Wereblood                Tmut           Unusable   N/A       N/A         2
 Dragon Form              Tmut           Unusable   N/A       N/A         7
 Necromutation            Tmut/Necr      Unusable   N/A       N/A         8

Dungeon Overview and Level Annotations

Branches:
Dungeon (15/15)            Temple (1/1) D:7            Lair (6/6) D:8
  Swamp (0/4) Lair:2        Snake (2/4) Lair:2        Slime (0/5) Lair:6
    Orc (2/2) D:9             Elf (0/3) Orc:2        Vaults (0/5) D:13
 Depths (0/4) D:15          IceCv (visited)

Altars:
Ashenzari
Cheibriados
Dithmenos
Elyvilon
Fedhas
Gozag
Hepliaklqana
Kikubaaqudgha
Makhleb
Nemelex Xobeh
Okawaru
Qazlal
Ru
Sif Muna
Trog
Uskayaw
Vehumet
Wu Jian
Xom
Yredelemnul
Zin
The Shining One
Beogh
Jiyva

Shops:
D:9 [   D:14 :   D:15 *   Orc:1 **   Orc:2 [=*   Lair:2 [**

Portals:
Pandemonium: Orc:2

Annotations:
Lair:3 Rupert
Snake:2 Vashnia


Innate Abilities, Weirdness & Mutations

You thrive by killing the living.
You are immune to poison.
You have sharp fingernails.
Your flesh is cold resistant. (rC+)
You are immune to negative energy. (rN+++)
You do not regenerate when monsters are visible.
You are immune to unholy pain and torment.


Message History

[b] - 360 gold - haste, brilliance and might [c] - 660 gold - haste, brilliance, heal wounds and curing Purchase which effect?
You feel very mighty all of a sudden.
You feel protected.
You feel much better. Vashnia spits poison at you.
The splash of poison hits you but does no damage.
You resist.
Unknown command.
You closely miss Vashnia.
Vashnia is severely wounded.
The naga sharpshooter unwields a +0 long sword.
The naga sharpshooter wields a +0 shortbow.
The naga sharpshooter shoots an arrow.
The arrow hits you but does no damage.
Vashnia shoots a bolt.
The bolt hits you!!
* * * LOW HITPOINT WARNING * * *
Unknown command.
You claw Vashnia!
Vashnia is severely wounded.
Vashnia shoots a bolt.
The bolt closely misses you.
The naga sharpshooter spits poison at you.
The splash of poison hits you but does no damage.
You resist.
Unknown command.
Unknown command.
You eviscerate Vashnia!!!
Vashnia is almost dead.
Unknown command.
You barely miss Vashnia.
Vashnia is almost dead.
The naga sharpshooter shoots an arrow.
The arrow hits you.
* * * LOW HITPOINT WARNING * * *
Vashnia shoots a bolt.
The bolt hits you but does no damage.
Unknown command.
Unknown command.
You scratch Vashnia.
Vashnia is almost dead.
Vashnia shoots a bolt.
The bolt hits you!!
You die...
Your body crumbles into a pile of gold.

........# #.#...#.#
........ #.#...#.#
.......# #.#.8N#.#
.......# #.#...#.#
.......# #.#...#.#
......# ##.....##
......## ### ##+#'##
.......###.#####§#§#
..[..........##$@N§#
#
...N..N.......N§####
. .....##..##..§###
. .....########..##
....## ##..## ....#
##..## ....# ##..###
...## ##...######
### ##.......####


You could see Vashnia and a naga sharpshooter (catching breath).

Vanquished Creatures
  Asterion (Snake:1)
  Kirke (Snake:1)
  Donald (Snake:2)
  Louise (D:15)
  Aizul (Snake:1)
  Nessos (D:13)
  Snorg (D:12)
  An ettin (Orc:1)
  A fire dragon (D:10)
  The ghost of Arex the Cleaver, a journeyman HOFi of Okawaru (Lair:1)
  A great orb of eyes (Lair:1)
  A naga warrior (Snake:2)
  5 hydras
  An ogre mage (D:12)
  An anaconda (Snake:1)
  3 centaur warriors
  Erolcha (D:8)
  5 ice dragons
  Erica (Lair:2)
  2 boulder beetles
  2 death knights
  2 demonspawn
  12 two-headed ogres
  5 death yaks
  5 orc high priests (Orc:2)
  Urug (D:12)
  5 shock serpents
  9 naga sharpshooters
  A salamander mystic (Snake:2)
  A skeletal warrior (D:15)
  Nergalle (D:13)
  A spark wasp zombie (D:15)
  An orange crystal statue (IceCv)
  A flayed ghost (D:15)
  A sphinx zombie (D:15)
  7 orc knights
  11 ugly things
  A necromancer (D:15)
  An oklob plant (Lair:2)
  5 cyclopes
  A fire giant zombie (D:15)
  11 orc sorcerers
  A moth of wrath (D:8)
  6 salamanders
  A manticore (D:10)
  Maurice (D:12)
  17 elephants
  4 naga magi
  15 black mambas
  An ice statue (D:15)
  A guardian serpent (Snake:1)
  Maggie (D:6)
  6 storm dragon simulacra (IceCv)
  A cane toad (shapeshifter) (D:13)
  A rust devil (Orc:2)
  14 cane toads
  2 rime drakes (Lair:6)
  A kobold demonologist (D:14)
  A torpor snail (Lair:3)
  A spriggan zombie (D:15)
  2 tengu conjurers (D:15)
  An unseen horror (D:11)
  A yaktaur (D:15)
  2 efreet
  9 komodo dragons
  5 golden dragon simulacra (IceCv)
  A hellwing (Orc:2)
  A guardian mummy (D:15)
  7 polar bears (Lair:6)
  A merfolk (shapeshifter) (D:13)
  A meliai (D:10)
  7 trolls
  5 hornets (Lair:6)
  13 slime creatures
  30 blink frogs
  6 dream sheep
  11 spriggans (Lair:6)
  3 shadows
  5 wyverns
  39 yaks
  Sigmund (D:6)
  4 wraiths
  Eustachio (D:6)
  4 hogs (Snake:1)
  2 yaks (shapeshifter)
  2 fire bats (Lair:5)
  2 steam dragons
  8 vampire mosquitoes
  6 basilisks
  A neqoxec (Orc:2)
  4 wargs
  20 nagas
  17 water moccasins
  2 acid dragons
  4 swamp worms
  Duvessa (D:6)
  34 orc warriors
  A swamp drake (D:9)
  5 black bears
  2 ice beasts (D:7)
  3 ice dragon simulacra (IceCv)
  2 sky beasts
  A necrophage (D:7)
  10 ogres
  8 boggarts
  22 wolves
  16 centaurs
  A phantom (D:6)
  A kobold brigand (D:6)
  8 bullfrogs
  2 gnoll sergeants
  A wyvern zombie (D:8)
  A scorpion (D:6)
  Dowan (D:6)
  55 killer bees
  7 lindwurm simulacra (IceCv)
  4 wights (D:8)
  2 howler monkeys
  6 electric eels
  2 jellies (Lair:1)
  8 centaur zombies
  A bullfrog zombie (D:5)
  7 hounds
  2 gnoll shamans
  31 orc priests
  3 bullfrog skeletons
  Natasha (thrice) (D:4)
  2 iguanas
  20 orc wizards
  12 hell rats
  3 killer bee zombies (D:9)
  2 hound skeletons
  2 howler monkey zombies
  17 gnolls
  9 adders
  7 river rats (D:8)
  A shadow imp (D:6)
  2 white imps (D:7)
  An ufetubus (D:7)
  An adder skeleton (D:4)
  5 worms
  A dart slug (D:4)
  97 orcs
  8 endoplasms
  3 giant cockroaches (D:1)
  8 goblins
  4 hobgoblins
  5 jackals
  9 quokkas
  6 ball pythons
  7 bats
  2 frilled lizards
  12 kobolds
  18 rats
934 creatures vanquished.

Vanquished Creatures (collateral kills)
  A golden dragon (IceCv)
1 creature vanquished.

Vanquished Creatures (others)
  A human (D:7)
  2 orcs (D:9)
  30 fungi
  69 plants
  12 withered plants (D:15)
114 creatures vanquished.

Grand Total: 1049 creatures vanquished

Notes
Turn   | Place    | Note
-------+----------+-------------------------------------------
     0 | D:5      | browni3141 the Ghoul Delver began the quest for the Orb.
     0 | D:5      | Reached XP level 1. HP: 19/19 MP: 0/0
    19 | D:6      | Noticed an ogre
    36 | D:5      | Noticed a centaur
    63 | D:5      | Noticed an ogre
   194 | D:4      | Noticed an ogre
   194 | D:4      | Noticed an orc priest
   194 | D:4      | Noticed an orc wizard
   352 | D:4      | Reached XP level 2. HP: 21/27 MP: 1/1
   537 | D:6      | Noticed Maggie
   667 | D:5      | Noticed a sky beast
   682 | D:5      | Noticed a sky beast
   783 | D:4      | Noticed Natasha
   873 | D:3      | Reached XP level 3. HP: 24/34 MP: 2/2
   983 | D:3      | Found a stormy altar of Qazlal.
  1104 | D:2      | Reached skill level 5 in Fighting
  1550 | D:1      | Reached XP level 4. HP: 42/42 MP: 3/3
  1783 | D:1      | Reached skill level 3 in Unarmed Combat
  2747 | D:3      | Reached skill level 1 in Shields
  2760 | D:3      | Found a sacrificial altar of Ru.
  3284 | D:4      | Reached XP level 5. HP: 44/48 MP: 4/4
  3494 | D:4      | Killed Natasha
  3495 | D:4      | Reached skill level 4 in Unarmed Combat
  3780 | D:4      | Reached XP level 6. HP: 56/56 MP: 5/5
  4279 | D:4      | Noticed Natasha
  4298 | D:4      | Killed Natasha
  4379 | D:4      | Reached skill level 5 in Unarmed Combat
  4396 | D:4      | Noticed Natasha
  4404 | D:4      | Killed Natasha
  5772 | D:4      | Reached XP level 7. HP: 53/61 MP: 6/6
  5900 | D:4      | Reached skill level 1 in Evocations
  6863 | D:5      | Reached skill level 5 in Shields
  6965 | D:4      | Reached XP level 8. HP: 68/68 MP: 7/7
  7056 | D:5      | Reached skill level 6 in Unarmed Combat
  8174 | D:6      | Noticed Eustachio
  8175 | D:6      | Reached skill level 7 in Unarmed Combat
  8186 | D:6      | Killed Eustachio
  8187 | D:6      | Reached skill level 8 in Unarmed Combat
  8368 | D:6      | Reached skill level 1 in Armour
  8535 | D:6      | Noticed Dowan
  8564 | D:6      | Identified the +5 long sword of Quick Death {vorpal, SInv}
  8879 | D:6      | Identified the +10 mace "Ogreslayer" {vorpal, rPois rCorr
                  | Str-2}
  8922 | D:6      | Noticed Duvessa
  8932 | D:6      | Killed Duvessa
  8946 | D:6      | Reached XP level 9. HP: 59/74 MP: 8/8
  8950 | D:6      | Killed Dowan
  9271 | D:6      | Noticed Sigmund
  9282 | D:6      | Killed Sigmund
  9524 | D:7      | Found an ancient bone altar of Kikubaaqudgha.
  9945 | D:7      | Reached skill level 5 in Armour
 10281 | D:7      | Found a staircase to the Ecumenical Temple.
 10285 | D:7      | Found a shadowy altar of Dithmenos.
 10358 | Temple   | Entered the Ecumenical Temple
 10497 | Temple   | Became a worshipper of Gozag Ym Sagoz the Greedy
 10884 | D:8      | Noticed a troll
 10906 | D:8      | Killed a troll
 11338 | D:8      | Reached XP level 10. HP: 88/88 MP: 9/9
 11349 | D:8      | Noticed a two-headed ogre
 11350 | D:8      | Noticed a two-headed ogre
 11557 | D:8      | Noticed a moth of wrath
 11559 | D:8      | Found a bloodstained altar of Trog.
 11602 | D:8      | Identified the +8 dagger of Esean Oghu {freeze, rElec
                  | Dex+4}
 12044 | D:8      | Reached skill level 9 in Unarmed Combat
 12068 | D:8      | Found a staircase to the Lair.
 12757 | D:8      | Reached skill level 10 in Unarmed Combat
 14661 | D:9      | Noticed a two-headed ogre
 14783 | D:9      | Killed a two-headed ogre
 14784 | D:9      | Reached skill level 11 in Unarmed Combat
 14934 | D:9      | Found Rohag's Armour Shoppe.
 15022 | D:9      | Noticed Erolcha
 15065 | Lair:1   | Entered Level 1 of the Lair of Beasts
 15118 | Lair:1   | Reached skill level 12 in Unarmed Combat
 15152 | Lair:1   | Noticed a cane toad
 15186 | Lair:1   | Killed a cane toad
 15376 | Lair:1   | Noticed a cane toad
 15380 | Lair:1   | Noticed a cane toad
 15395 | Lair:1   | Killed a cane toad
 15396 | Lair:1   | Reached XP level 11. HP: 82/94 MP: 10/10
 16071 | Lair:1   | Reached skill level 13 in Unarmed Combat
 16572 | Lair:1   | Found a runed translucent gate.
 16572 | Lair:1   | Found a runed translucent gate.
 16573 | Lair:1   | Found a runed translucent gate.
 16573 | Lair:1   | Noticed Arex's ghost (journeyman HOFi)
 16574 | Lair:1   | Noticed a great orb of eyes
 16576 | Lair:1   | Found a viscous altar of Jiyva.
 16882 | Lair:1   | Reached skill level 14 in Unarmed Combat
 17613 | Lair:2   | Noticed an oklob plant
 19307 | Lair:2   | Reached skill level 10 in Fighting
 19342 | Lair:2   | Noticed Erica
 19711 | Lair:2   | Found a staircase to the Snake Pit.
 20059 | Lair:2   | Found a staircase to the Swamp.
 20314 | Lair:2   | Noticed Sonja
 20315 | Lair:2   | Noticed Sonja
 20315 | Lair:2   | Sonja changed into Sonja the warg
 20325 | Lair:2   | Killed Sonja the warg
 20958 | Lair:2   | Bought a +1 arbalest of flaming for 166 gold pieces
 20958 | Lair:2   | Bought a scroll of enchant armour for 82 gold pieces
 20958 | Lair:2   | Bought a wand of flame (15) for 93 gold pieces
 20970 | Lair:3   | Noticed a death yak
 20970 | Lair:3   | Noticed a death yak
 20972 | Lair:3   | Noticed a death yak
 21109 | Lair:3   | Reached skill level 1 in Crossbows
 21341 | Lair:3   | Killed a death yak
 21342 | Lair:3   | Reached XP level 12. HP: 95/107 MP: 11/11
 21409 | Lair:3   | Noticed a death yak
 21426 | Lair:3   | Noticed a death yak
 21725 | Lair:3   | Noticed a four-headed hydra
 22446 | Lair:3   | Reached skill level 5 in Crossbows
 22864 | Lair:3   | Noticed a six-headed hydra
 22932 | Lair:3   | Noticed Rupert
 23307 | Snake:1  | Entered Level 1 of the Snake Pit
 23341 | Snake:1  | Noticed a shock serpent
 23355 | Snake:1  | HP: 2/110 [shock serpent/bolt of electricity (9)]
 23791 | Lair:2   | Killed Erica
 24253 | D:7      | Killed a two-headed ogre
 24712 | D:6      | Killed a two-headed ogre
 24859 | D:6      | Killed Maggie
 25411 | D:9      | Noticed a two-headed ogre
 25787 | D:8      | Killed a two-headed ogre
 26141 | D:9      | Found a staircase to the Orcish Mines.
 26282 | D:9      | Found a shimmering blue altar of Sif Muna.
 26476 | D:9      | Found a broken altar of Ashenzari.
 26479 | D:9      | Noticed a two-headed ogre
 26490 | D:9      | Killed a two-headed ogre
 26521 | D:10     | Entered Level 10 of the Dungeon
 26623 | D:10     | Reached XP level 13. HP: 118/118 MP: 12/12
 27880 | D:9      | Reached skill level 10 in Crossbows
 27982 | Orc:1    | Entered Level 1 of the Orcish Mines
 29138 | D:8      | Killed Erolcha
 29920 | D:11     | Got the Reference Book on Dusty Transmutation
 30822 | D:11     | Identified the +4 flail "Mocaup" {drain, Dex+2}
 31781 | Orc:1    | Found Xupedgh's Specific Store.
 31792 | Orc:1    | Found Ythemuel's General Store.
 31910 | Orc:1    | Noticed an ettin
 31916 | Orc:1    | Killed an ettin
 32217 | Orc:2    | Entered Level 2 of the Orcish Mines
 33198 | Orc:2    | Found a staircase to the Elven Halls.
 33547 | Orc:2    | Found Adwausk's General Store.
 34293 | Orc:2    | Reached XP level 14. HP: 65/126 MP: 13/13
 34860 | Orc:2    | Found Vaturint's Magic Scroll Emporium.
 35239 | Orc:2    | Bought a wand of paralysis (4) for 84 gold pieces
 35241 | Orc:2    | Bought a scroll of identify for 32 gold pieces
 35241 | Orc:2    | Bought a scroll of identify for 32 gold pieces
 35241 | Orc:2    | Bought a scroll of vulnerability for 120 gold pieces
 35241 | Orc:2    | Bought a scroll of teleportation for 48 gold pieces
 35241 | Orc:2    | Bought a scroll of magic mapping for 56 gold pieces
 35241 | Orc:2    | Identified 3 scrolls of acquirement
 36929 | Orc:2    | Found Moutiwo's Jewellery Shop.
 36929 | Orc:2    | Found Emei's Antique Armour Boutique.
 36930 | Orc:2    | Found a one-way gate leading to the halls of Pandemonium.
 38806 | Lair:2   | Acquired 962 gold pieces
 38808 | Lair:2   | Acquired 742 gold pieces
 38810 | Lair:2   | Acquired the +3 crystal plate armour of Wariness {rPois}
 38840 | Lair:2   | Bought a +0 helmet of see invisible for 195 gold pieces
 38849 | Lair:2   | Bought a condenser vane for 720 gold pieces
 38849 | Lair:2   | Bought a scroll of magic mapping for 63 gold pieces
 38849 | Lair:2   | Bought a scroll of fear for 63 gold pieces
 38849 | Lair:2   | Bought a scroll of enchant armour for 135 gold pieces
 39062 | Lair:4   | Reached skill level 15 in Crossbows
 41513 | Lair:6   | Entered Level 6 of the Lair of Beasts
 41552 | Lair:6   | Found a viscous altar of Jiyva.
 41552 | Lair:6   | Found a staircase to the Slime Pits.
 42063 | Lair:5   | Reached XP level 15. HP: 132/132 MP: 14/14
 43618 | Lair:6   | Reached skill level 10 in Armour
 45112 | Lair:1   | Killed Arex's ghost
 45518 | Lair:1   | Identified the +8 great mace of Abuse {pain, Will++}
 45520 | Lair:1   | Identified the +10 morningstar of Lebaosuzu {distort,
                  | Int+2}
 47075 | D:12     | You fall into a shaft and drop 2 floors!
 47079 | D:14     | Found Bonellet's Self-Improvement Boutique.
 47314 | D:13     | Found a gate to the Vaults.
 47860 | D:13     | Reached skill level 15 in Unarmed Combat
 48115 | D:13     | Noticed Nessos
 48122 | D:13     | Reached XP level 16. HP: 139/139 MP: 12/15
 48134 | D:13     | Killed Nessos
 48241 | D:13     | Identified the +6 war axe of Defilement {holy, rN+ Str+3}
 48702 | D:12     | Noticed Nergalle
 48716 | D:13     | Killed Nergalle
 48857 | D:12     | Noticed Snorg
 48864 | D:12     | Killed Snorg
 49078 | D:12     | Noticed Maurice
 49097 | D:12     | Killed Maurice
 49234 | D:12     | Noticed Urug
 49242 | D:12     | Killed Urug
 50123 | D:15     | Entered Level 15 of the Dungeon
 50245 | D:15     | Found Lotzar's Assorted Antiques.
 50248 | D:15     | Bought a scroll of identify for 66 gold pieces
 50264 | D:15     | Noticed Louise
 50289 | D:15     | Killed Louise
 50324 | D:15     | Found a frozen archway.
 50459 | IceCv    | Entered an ice cave
 50724 | IceCv    | Reached skill level 16 in Unarmed Combat
 51385 | IceCv    | Noticed a golden dragon
 51450 | IceCv    | Killed a golden dragon
 51737 | IceCv    | Got the Volume of Ice
 51753 | IceCv    | Identified the +1 ice dragon scales of the Lost Path {Harm
                  | rPois rF- rC++}
 51783 | IceCv    | Identified the amulet "Sablol" {rElec Regen+ Dex+3}
 51969 | D:15     | Found a staircase to the Depths.
 53156 | Snake:1  | Reached skill level 17 in Unarmed Combat
 53521 | Snake:1  | Reached XP level 17. HP: 146/146 MP: 16/16
 53582 | Snake:1  | Noticed Aizul
 53601 | Snake:1  | Killed Aizul
 53834 | Snake:1  | Noticed Kirke
 53858 | Snake:1  | Killed Kirke
 54304 | Snake:2  | Noticed Asterion
 54392 | Snake:1  | Killed Asterion
 54880 | Snake:2  | Noticed Donald
 54896 | Snake:2  | Killed Donald
 55087 | Snake:2  | Noticed Vashnia
 55227 | Snake:2  | Reached skill level 18 in Unarmed Combat
 55235 | Snake:2  | Shot with a bolt by Vashnia

Illustrated notes

Levels and vault maps discovered:
D:1:      minmay_arrival_statue_studded, layout_basic
D:2:      layout_basic, amethyst_killhole
D:3:      layout_basic, mainiacjoe_overflow_chevrons,
          nicolae_qazlal_scattered_showers
D:4:      layout_basic, grunt_tough_drop, uniq_natasha
D:5:      layout_basic, glass_columns_a, minivault_23
D:6:      layout_gridville, uniq_maggie, uniq_duvessa, uniq_sigmund,
          uniq_eustachio
D:7:      layout_basic, tgw_kikubaaqudgha, grunt_dithmenos_smoke_and_mirrors,
          temple_fountains, chequers_serial_rivers_marsh, minivault_19,
          ebering_dispersal_statue_hall
D:8:      lemuel_ratsnest, layout_basic, tgw_trog, erik_lair_island,
          nicolae_ossuary_entry_ruins
D:9:      layout_cave_pools, tgw_sif, kennysheep_mini_moat, erik_orc_1,
          serial_shops, shop, kennysheep_kite_vault, uniq_erolcha
D:10:     minmay_the_grid_4x2 [minmay_the_grid_large_cup, minmay_the_grid_mess,
          minmay_the_grid_minigrid_small, minmay_the_grid_x,
          minmay_the_grid_all_tris, minmay_the_grid_box_x,
          minmay_the_grid_dragon_b, minmay_the_grid_prize_trominoes],
          layout_basic, special_room [special_room_orc]
D:11:     layout_roguey
D:12:     layout_roguey, minivault_23, uniq_urug, uniq_nergalle, uniq_snorg,
          uniq_maurice
D:13:     wad_woods_minihive, layout_basic, uniq_nessos
D:14:     layout_stronghold, nicolae_water_bricks, nicolae_shop_self_help
D:15:     gammafunk_depths_entry_grave, layout_gridville, serial_shops,
          nicolae_shop_window_shopping, kennysheep_doodads,
          portal_ice_cave_entry_ice_statue_one, uniq_louise
Temple:   regret_index_temple_waves
Lair:1:   layout_small_grid, gammafunk_ghost_ooze, grunt_megastairs_2
Lair:2:   layout_small_grid, nicolae_swamp_entry_splash_gauntlet,
          minmay_snake_entry_guardpost_small, grunt_megastairs_4,
          lemuel_fruit_fields, uniq_erica, uniq_sonja
Lair:3:   layout_cave_pods, st_stairs_12, uniq_rupert
Lair:4:   layout_misc_corridors, grunt_megastairs_3
Lair:5:   layout_big_grid, worms_lemuel, lemuel_fruit_tree
Lair:6:   minmay_lair_end_enchanted_forest, layout_gridlike, slime_altar_1,
          chequers_serial_rivers_micro_b
Snake:1:  layout_basic, grunt_ministairs_15, grunt_megastairs_5, uniq_kirke,
          uniq_aizul
Snake:2:  layout_layer_cave, serial_bayou_shore_b, grunt_megastairs_1,
          uniq_roxanne, uniq_donald, uniq_asterion, uniq_vashnia
Orc:1:    layout_caves, nicolae_specific_store
Orc:2:    pf_orc_diabolical, layout_caves, guppyfry_library_mini

Skill      XL: |  1  2  3  4  5  6  7  8  9 10 11 12 13 14 15 16 17 |
---------------+----------------------------------------------------+-----
Fighting       | 4 5 8 10 12 | 12.0
Unarmed Combat | 3 4 5 8 12 14 15 17 18 | 18.0
Shields        | 1 2 3 5 |  5.0
Evocations     | 2 4 |  4.0
Armour         | 4 5 8 12 14 | 14.8
Stealth        | 8 |  8.0
Crossbows      | 2 8 12 15 | 15.0
Dodging        | |  1.7

Action                   |  1- 3 |  4- 6 |  7- 9 | 10-12 | 13-15 | 16-18 || total
-------------------------+-------+-------+-------+-------+-------+-------++-------
Melee: Unarmed           |    72 |   190 |   123 |   487 |  1291 |   518 ||  2681
       Punch             |     1 |       |       |    41 |   120 |    77 ||   239
       Hunting sling     |       |       |     1 |       |       |       ||     1
       Mace              |       |       |   123 |   152 |       |       ||   275
       Long sword        |       |       |     7 |       |       |       ||     7
       Dagger            |       |       |       |    10 |       |       ||    10
 Fire: Hunting sling     |       |    36 |    11 |       |       |       ||    47
       Arbalest          |       |       |       |     3 |   255 |   182 ||   440
Throw: Stone             |     4 |       |     3 |    18 |     2 |       ||    27
       Dart              |       |    12 |    21 |    18 |     3 |     8 ||    62
       Boomerang         |       |       |       |    40 |     1 |       ||    41
       Throwing net      |       |       |       |       |       |     4 ||     4
Invok: Call Merchant     |       |       |       |     1 |     2 |       ||     3
       Potion Petition   |       |       |       |     1 |     5 |     1 ||     7
Evoke: Wand              |       |     2 |    14 |    10 |    12 |       ||    38
       Piece from Xom's  |       |       |       |    10 |       |       ||    10
       Phantom mirror    |       |       |       |     1 |     2 |     1 ||     4
       Condenser vane    |       |       |       |       |     1 |     1 ||     2
  Use: Scroll            |     3 |       |       |    10 |    22 |     5 ||    40
       Potion            |       |       |       |       |     1 |       ||     1
 Stab: Sleeping          |     5 |    11 |     3 |     6 |     4 |       ||    29
       Paralysed         |       |       |     3 |       |       |       ||     3
       Distracted        |       |       |       |     3 |     6 |     4 ||    13
       Held in net/web   |       |       |       |       |       |     1 ||     1
Armor: Leather armour    |    13 |       |       |       |       |       ||    13
       Ring mail         |     9 |    57 |   126 |   117 |       |       ||   309
       Acid dragon scale |       |       |       |    36 |   183 |       ||   219
       Crystal plate arm |       |       |       |       |   655 |   434 ||  1089
Dodge: Dodged            |    33 |    68 |   194 |   348 |   470 |   129 ||  1242
Block: Buckler           |       |    27 |    76 |    42 |       |       ||   145
